 Dungeon Crawl Stone Soup version 0.18.1-50-g88ac8fd (webtiles) character file.

2692 theRoog the Protected (level 9, -3/82 HPs)
             Began as a Minotaur Berserker on Oct 18, 2016.
             Was an Elder of Trog.
             Slain by an orc warrior
             ... wielding a +0 halberd
              (10 damage)
             ... on level 8 of the Dungeon.
             The game lasted 00:14:34 (6678 turns).

theRoog the Protected (Minotaur Berserker)          Turns: 6678, Time: 00:14:34

Health: -3/82      AC: 24    Str: 25    XL:     9   Next: 38%
Magic:  8/8        EV:  8    Int:  4    God:    Trog [****..]
Gold:   538        SH:  0    Dex: 10    Spells: 0 memorised, 8 levels left

rFire  . . .     SeeInvis .     e - +2 mace (protect)
rCold  + . .     Gourm    .     A - +4 plate armour
rNeg   . . .     Faith    .     (no shield)
rPois  .         Spirit   .     (helmet restricted)
rElec  .         Dismiss  .     E - +0 cloak
rCorr  .         Reflect  .     (no gloves)
SustAt +         Harm     .     (no boots)
MR     ++...                    (no amulet)
Stlth  ..........               m - ring of sustain attributes
                                s - ring of protection from cold

@: regenerating, very resistant to hostile enchantments, extremely unstealthy
A: retaliatory headbutt, horns 2
a: Berserk, Trog's Hand, Brothers in Arms, Burn Spellbooks, Renounce Religion


You were on level 8 of the Dungeon.
You worshipped Trog.
Trog was greatly pleased with you.
You were not hungry.

You visited 1 branch of the dungeon, and saw 9 of its levels.
You also visited: Ossuary.

You collected 538 gold pieces.

Inventory:

Hand Weapons
 a - a +0 spear
 e - a +2 mace of protection (weapon)
 f - a +0 scythe
 j - a -1 mace
 C - a +0 shortbow
Missiles
 D - 42 arrows
Armour
 b - a +0 animal skin
 u - a +2 plate armour
 y - a +0 shield
 A - a +4 plate armour (worn)
 E - a +0 cloak (worn)
Jewellery
 m - a ring of sustain attributes (right hand)
 s - a ring of protection from cold (left hand)
 L - an uncursed ring of resist corrosion {unknown}
Wands
 n - a wand of iceblast (11/15)
 z - a wand of enslavement (18/24)
 F - a wand of flame (16/48)
Scrolls
 d - 3 scrolls of blinking
 g - a scroll of magic mapping
 h - 3 scrolls of teleportation
 i - 2 scrolls of immolation
 o - 6 scrolls of identify
 t - 2 scrolls of fog
 v - 6 scrolls of remove curse
 w - a scroll of recharging
 x - 2 scrolls of enchant weapon
Potions
 k - 2 potions of curing
 l - 2 potions of haste
 p - 4 potions of agility
 B - 2 potions of brilliance
 G - 3 potions of flight
 H - a potion of berserk rage {unknown}
 I - a potion of invisibility {unknown}
 J - 2 potions of cure mutation
 K - a potion of heal wounds
Comestibles
 c - a bread ration
 q - 2 beef jerkies
 r - 4 meat rations
 M - a slice of pizza


   Skills:
 + Level 8.7 Fighting
 + Level 6.8 Maces & Flails
 + Level 5.7 Polearms
 + Level 9.9 Armour
 + Level 3.7 Dodging
 + Level 1.0 Stealth


You had 8 spell levels left.
You didn't know any spells.

Dungeon Overview and Level Annotations

Branches:
Dungeon (9/15)             Temple (0/1) D:5
   Lair: D:8-11         Orc: D:9-12

Altars:
Ashenzari
Cheibriados
Elyvilon
Makhleb
Nemelex Xobeh
Pakellas
Qazlal
Yredelemnul
Zin


Innate Abilities, Weirdness & Mutations

You reflexively headbutt those who attack you in melee.
You have a pair of horns on your head.


Message History

The water moccasin zombie bites you but does no damage.
The orc warrior hits you from afar with a halberd.
* * * LOW HITPOINT WARNING * * *
The water moccasin zombie closely misses you.
You sock the water moccasin zombie!
You destroy the water moccasin zombie!
The orc warrior hits you from afar with a halberd.
* * * LOW HITPOINT WARNING * * *
The orc warrior hits you with a halberd!
* * * LOW HITPOINT WARNING * * *
You sock the orc warrior!
The orc warrior is severely wounded.
The orc warrior hits you but does no damage.
Your skin crawls.
You feel resistant to hostile enchantments.
You feel slightly more hungry.
The orc warrior hits you with a halberd!
* * * LOW HITPOINT WARNING * * *
The orc warrior hits you from afar with a halberd!
You die...

........######..........#
.# ........# #..........#
# #.....### #...[......#
#.....# #..........# ..
#..........# !..
#..........# ....
#..........# .....
#..........##
......#####.@...........
......†)........########
......)....o....#
..<.#...........# ...
#......)....# .
.............).
.........########
........... ............


You could see an orc warrior.

Vanquished Creatures
  A redback zombie (D:7)
  Sigmund (D:4)
  A hippogriff (D:7)
  An ice beast (D:7)
  2 orc warriors (D:6)
  2 ogres
  A centaur (D:6)
  Blork the orc (D:5)
  4 giant frogs
  2 gnoll sergeants
  A water moccasin zombie (D:8)
  2 scorpions
  3 wights (D:6)
  A howler monkey (D:4)
  3 crimson imps
  A giant frog zombie (D:7)
  An orc priest (D:6)
  3 hounds (D:7)
  An orc wizard (D:8)
  An iguana (D:4)
  6 worker ants
  A big kobold zombie (Ossuary)
  8 mummies (Ossuary)
  5 adders
  5 gnolls (D:8)
  2 howler monkey skeletons (D:4)
  A shadow imp (D:6)
  A worm zombie (D:7)
  6 worms
  5 dart slugs
  3 giant geckos
  28 orcs
  A ball python (D:3)
  7 bats
  2 giant cockroaches (D:1)
  5 gnoll zombies
  15 goblins
  5 hobgoblins
  11 jackals
  4 kobolds
  A quokka (D:4)
  A giant gecko skeleton (D:4)
  A giant gecko zombie (D:8)
  5 giant newts
  A kobold zombie (Ossuary)
  2 orc zombies (Ossuary)
  9 rats
174 creatures vanquished.

Notes
Turn   | Place    | Note
--------------------------------------------------------------
     0 | D:1      | theRoog the Minotaur Berserker began the quest for the Orb.
     0 | D:1      | Reached XP level 1. HP: 19/19 MP: 0/0
   124 | D:1      | Found a sparkling altar of Nemelex Xobeh.
   256 | D:1      | Reached XP level 2. HP: 27/27 MP: 1/1
   660 | D:1      | Reached XP level 3. HP: 32/33 MP: 2/2
   679 | D:1      | Reached ** piety under Trog
  1076 | D:2      | Found a stormy altar of Qazlal.
  1117 | D:2      | Found a snail-covered altar of Cheibriados.
  1197 | D:2      | Found a white marble altar of Elyvilon.
  1801 | D:3      | Reached XP level 4. HP: 41/41 MP: 3/3
  2000 | D:3      | Reached skill level 3 in Armour
  2043 | D:3      | Found a glowing silver altar of Zin.
  2065 | D:3      | Reached *** piety under Trog
  2199 | D:3      | Reached skill level 5 in Polearms
  2558 | D:4      | Reached XP level 5. HP: 34/47 MP: 4/4
  2738 | D:4      | Noticed an ogre
  2746 | D:4      | Reached skill level 1 in Maces & Flails
  2752 | D:4      | Killed an ogre
  2752 | D:4      | Reached skill level 5 in Fighting
  2752 | D:4      | Reached skill level 4 in Armour
  2767 | D:4      | Reached XP level 6. HP: 40/56 MP: 5/5
  3022 | D:4      | Noticed Sigmund
  3025 | D:4      | Reached skill level 5 in Armour
  3053 | D:4      | Killed Sigmund
  3053 | D:4      | Reached XP level 7. HP: 32/62 MP: 6/6
  3486 | D:4      | Found a burning altar of Makhleb.
  3487 | D:4      | Found an oddly glowing altar of Pakellas.
  3497 | D:5      | Entered Level 5 of the Dungeon
  3713 | D:5      | Reached **** piety under Trog
  3965 | D:5      | Noticed Blork the orc
  3974 | D:5      | Killed Blork the orc
  3974 | D:5      | Reached skill level 1 in Stealth
  4066 | D:5      | Found a staircase to the Ecumenical Temple.
  4372 | D:6      | Reached skill level 6 in Armour
  4797 | D:6      | Reached XP level 8. HP: 67/71 MP: 7/7
  4857 | D:6      | Reached skill level 7 in Armour
  5526 | D:6      | Found a sparkling altar of Nemelex Xobeh.
  5531 | D:6      | Reached skill level 5 in Maces & Flails
  5531 | D:6      | Reached skill level 8 in Armour
  5611 | D:7      | Found a sand-covered staircase.
  5692 | Ossuary  | Entered an ossuary
  5959 | D:7      | Reached skill level 9 in Armour
  5990 | D:7      | You fall through a shaft!
  6042 | D:8      | Reached XP level 9. HP: 54/81 MP: 8/8
  6273 | D:7      | Found a basalt altar of Yredelemnul.
  6512 | D:7      | Found a shattered altar of Ashenzari.
  6678 | D:8      | Slain by an orc warrior

Skill      XL: |  1  2  3  4  5  6  7  8  9 |
---------------+----------------------------+-----
Polearms       | 4 5 |  5.7
Fighting       | 4 5 6 8 |  8.7
Armour         | 3 4 5 6 9 |  9.9
Dodging        | 3 |  3.7
Maces & Flails | 1 2 4 5 6 |  6.8
Stealth        | 1 |  1.0

Action                   |  1- 3 |  4- 6 |  7- 9 || total
-------------------------+-------+-------+-------++-------
Melee: Spear             |   114 |    44 |       ||   158
       Headbutt          |    13 |    36 |    62 ||   111
       Mace              |       |    99 |   324 ||   423
Invok: Burn Spellbooks   |     1 |       |       ||     1
       Berserk           |       |     1 |     2 ||     3
       Trog's Hand       |       |       |     2 ||     2
  Use: Scroll            |     7 |     7 |     7 ||    21
       Potion            |     1 |     3 |     1 ||     5
  Eat: Bread ration      |     1 |     1 |     1 ||     3
       Beef jerky        |       |     1 |       ||     1
       Meat ration       |       |       |     2 ||     2
Armor: Animal skin       |     2 |       |       ||     2
       Ring mail         |    13 |       |       ||    13
       Plate armour      |       |   121 |   273 ||   394
Dodge: Dodged            |    38 |    64 |   169 ||   271
